 Dungeon Crawl Stone Soup version 0.29-a0-284-gf9362112df (webtiles) character file.

Game seed: 8765242205895752373

6304 spaghetti the Thaumaturge (level 11, -12/65 HPs)
             Began as a Djinni Conjurer on Mar 26, 2022.
             Was a High Priest of Lugonu.
             Mangled by a polar bear simulacrum (28 damage)
             ... on level 9 of the Dungeon.
             The game lasted 00:26:32 (13477 turns).

spaghetti the Thaumaturge (Djinni Conjurer)        Turns: 13477, Time: 00:26:32

Health: -12/65     AC:  6    Str:  6      XL:     11   Next: 16%
Gold:   420        EV: 11    Int: 25      God:    Lugonu [*****.] SH:  3 Dex:  9 (11)

rFire   + + .      SeeInvis .   P - +1 whip (elec) {mace}
rCold   x . .      Faith    .   o - +0 buckler
rNeg    . . .      Spirit   .   a - +0 robe
rPois   ∞          Reflect  .   (no helmet)
rElec   .          Harm     .   (no cloak)
rCorr   .          Rampage  .   (no gloves)
Will    ++...                   (boots unavailable)
Stlth   +.........              (no amulet)
HPRegen 0.20/turn               f - +4 ring of protection
MPRegen 0.00/turn               T - ring of willpower

@: flying
A: sickness immunity, fire resistance 2, cold vulnerability 1, float, innate
caster, HP casting, extra vitality 1
a: Renounce Religion, Depart the Abyss, Bend Space, Banish, Corrupt, Enter the
Abyss


You were on level 9 of the Dungeon.
You worshipped Lugonu.
Lugonu was extremely pleased with you.
You visited 1 branch of the dungeon, and saw 9 of its levels.
You also visited: Sewer.

You collected 420 gold pieces.


Innate Abilities, Weirdness & Mutations

You are immune to sickness and miasma.
You are immune to poison.
Your flesh is very heat resistant. (rF++)
You are vulnerable to cold. (rC-)
You float through the air rather than walking.
You learn spells naturally, not from books.
Your magical power is your life essence.
You have superior vitality. (+4 MHP)


   Skills:
 - Level 2.1 Dodging
 - Level 1.5 Stealth
 - Level 2.0 Shields
 * Level 10.8 Spellcasting
 + Level 9.1 Invocations


You had 3 spell levels left.
You knew the following spells:

 Your Spells              Type           Power      Damage    Failure   Level
a - Magic Dart            Conj           100%       1d8       1%          1
b - Searing Ray           Conj           100%       2d8       1%          2
c - Dazzling Flash        Conj/Hex       100%       N/A       1%          3
d - Fulminant Prism       Conj/Hex       30%        3d16      1%          4
e - Iskenderun's Mystic   Conj/Tloc      61%        2d13      1%          4
f - Foxfire               Conj/Fire      100%       2x1d9     1%          1
g - Poisonous Vapours     Pois/Air       100%       N/A       1%          2
h - Ignite Poison         Fire/Tmut/Pois 61%        N/A       1%          3
i - Portal Projectile     Hex/Tloc       100%       N/A       1%          3
j - Silence               Hex/Air        30%        N/A       1%          5
Your spell library was empty.

Inventory:

Hand Weapons
 e - a +0 flail {mace}
   (You found it on level 5 of the Dungeon)
 g - a +0 war axe {axe}
   (You took it off an orc on level 5 of the Dungeon)
 k - a +0 great sword {long}
   (You found it on level 5 of the Dungeon)
 l - a +0 flail {mace}
   (You found it on level 5 of the Dungeon)
 m - a +0 hand axe {axe}
   (You took it off an orc on level 5 of the Dungeon)
 n - a +0 club {mace}
   (You took it off an orc on level 5 of the Dungeon)
 p - a +0 war axe {axe}
   (You found it on level 6 of the Dungeon)
 q - a +0 club {mace}
   (You took it off an orc on level 8 of the Dungeon)
 r - a +0 flail {mace}
   (You took it off an orc on level 6 of the Dungeon)
 s - a +0 flail {mace}
   (You took it off an orc on level 6 of the Dungeon)
 t - a +0 hand axe {axe}
   (You took it off an orc on level 6 of the Dungeon)
 u - a +2 flail of protection {mace}
   (You took it off Edmund on level 6 of the Dungeon)
 v - a +0 mace {mace}
   (You took it off a wight on level 6 of the Dungeon)
 w - a +1 dire flail {mace}
   (You took it off a wight on level 6 of the Dungeon)
 x - a +0 flail {mace}
   (You took it off an orc on level 6 of the Dungeon)
 z - a +0 hand axe {axe}
   (You took it off a wight on level 6 of the Dungeon)
 A - a +0 war axe {axe}
   (You took it off an orc on level 8 of the Dungeon)
 B - a +5 scimitar {long}
   (You took it off a wight on level 6 of the Dungeon)
 C - a +0 whip {mace}
   (You took it off an orc priest on level 6 of the Dungeon)
 G - a +0 quarterstaff {staff}
   (You found it on level 6 of the Dungeon)
 I - a +0 shortbow {bow}
   (You took it off a centaur on level 7 of the Dungeon)
 J - a +0 club {mace}
   (You took it off a kobold on level 8 of the Dungeon)
 K - a +0 club {mace}
   (You took it off a kobold on level 8 of the Dungeon)
 P - a +1 whip of electrocution (weapon) {mace}
   (You took it off an orc on level 8 of the Dungeon)
Missiles
 j - 265 stones {throwing}
 E - 11 boomerangs {throwing}
 H - 4 silver javelins {throwing}
Armour
 a - a +0 robe (worn)
 o - a +0 buckler (worn)
   (You found it on level 1 of the Dungeon)
Magical Staves
 b - a staff of cold {!astaff}
   (You found it on level 4 of the Dungeon)
 i - a staff of cold {!astaff}
   (You found it in a sewer)
 W - a staff of poison {!astaff}
   (You found it on level 9 of the Dungeon)
Jewellery
 f - a +4 ring of protection (left hand)
   (You found it on level 1 of the Dungeon)
 M - an amulet of magic regeneration {@e2}
   (You found it on level 8 of the Dungeon)
 T - a ring of willpower (right hand)
   (You found it on level 4 of the Dungeon)
Wands
 h - a wand of flame (7)
   (You found it in a sewer)
 Q - a wand of mindburst (17)
   (You found it on level 3 of the Dungeon)
 X - a wand of acid (7)
   (You found it on level 9 of the Dungeon)
 Y - a wand of polymorph (5)
   (You found it on level 9 of the Dungeon)
Scrolls
 c - 2 scrolls of teleportation {@r4}
 y - a scroll of torment {!r}
 S - a scroll of brand weapon
 U - a scroll of identify {@r1}
Potions
 d - 4 potions of attraction {!q}
 D - a potion of curing {@q1}
 F - a potion of cancellation {unknown}
 L - 2 potions of heal wounds {unknown}
 N - 2 potions of mutation {unknown}
 O - 4 potions of haste {unknown}
 R - a potion of resistance
 V - a potion of brilliance {unknown}

Dungeon Overview and Level Annotations

Branches:
Dungeon (9/15)             Temple (0/1) D:4           Sewer (visited)
   Lair: D:8-11         Orc: D:9-12

Altars:
Dithmenos
Fedhas
Okawaru
Trog
Xom
Yredelemnul
Zin
The Shining One
Lugonu

Shops:
D:2 =

Annotations:
D:8 3 runed translucent doors, sokol815's ghost, novice OpFE
D:9 1 transporter, sammy202020's ghost, journeyman GrBe

....# ....# #.... ....# #....
....# +.... ##+##....# #....
#...#.)$.# #.... #...#....# #....
......... #...@....# #....
#........ #...#Z...#... #.<..
#......>. #...#....#..#####....
#.....W. #...#....#..#.....###
#.....#+####...#....#..#.....'..
#.....+....#...#[...#..#..[..#..
##.....#....'...#....#..#.)...#..
...#####...########'##..#.....###
...'.......##...##......))....'..


You could see a polar bear simulacrum.


Message History

Press: ? - help, Q - select action, (/) - cycle Shift-Dir - straight line, f - you That beam is likely to hit you.
Continue anyway?
Okay, then.
Things that are here:
a +0 flail {mace}; a +0 robe
Things that are here:
a +0 scimitar {long}; a +0 robe; 😎 HP[+4]
Your hp is fully restored (65).
Things that are here:
a +0 spear {polearm}; a +0 robe; a +0 spear {polearm}
Things that are here:
a +0 whip {mace}; 2 poisoned darts {throwing}
j - 260 stones {throwing} (gained 1)
You see here a +0 whip {mace}.
Things that are here:
a +0 dagger {short}; 3 poisoned darts {throwing} You see here a +0 dagger {short}.
j - 265 stones {throwing} (gained 5)
You see here a +0 dagger {short}.
You now have 420 gold pieces (gained 14).
You reach down and open the door.
There is an open door here.
You see here a +0 dagger {short}.
There is an open door here.
You reach down and open the door.
There is an open door here.
There is an open door here.
You reach down and open the door.
There is an open door here.
You reach down and open the door.
There is an open door here.
You see here a +0 scale mail.
You reach down and open the door.
There is an open door here.
As you open the door, it creaks loudly!
Unknown command.
There is an open door here.
You reach down and open the door.
There is an open door here.
You reach down and open the door.
There is an open door here.
A polar bear simulacrum is nearby!
A polar bear simulacrum is nearby!
A polar bear simulacrum is nearby!
A polar bear simulacrum is nearby!
Aiming: Magic Dart (safe; 1% risk of failure)
Press: ? - help, Q - select action, (/) - cycle Shift-Dir - straight line, f - polar bear simulacrum
Aim: a polar bear simulacrum (wandering, hasn't noticed you, 100% to hit)
The magic dart hits the polar bear simulacrum!
Aiming: Magic Dart (safe; 1% risk of failure)
Press: ? - help, Q - select action, (/) - cycle Shift-Dir - straight line, f/p - polar bear simulacrum
Aim: a polar bear simulacrum (moderately damaged, 100% to hit)
The magic dart hits the polar bear simulacrum but does no damage. 😕 HP[-1]
You take 1 damage, and now have 64/65 hp.
Aiming: Magic Dart (safe; 1% risk of failure)
Press: ? - help, Q - select action, (/) - cycle Shift-Dir - straight line, f/p - polar bear simulacrum
Aim: a polar bear simulacrum (moderately damaged, 100% to hit)
The magic dart hits the polar bear simulacrum. 😕 HP[-1]
You take 1 damage, and now have 63/65 hp.
Aiming: Magic Dart (safe; 1% risk of failure)
Press: ? - help, Q - select action, (/) - cycle Shift-Dir - straight line, f/p - polar bear simulacrum
Aim: a polar bear simulacrum (heavily damaged, 100% to hit)
The magic dart hits the polar bear simulacrum but does no damage. 😕 HP[-1]
You take 1 damage, and now have 62/65 hp.
Aiming: Magic Dart (safe; 1% risk of failure)
Press: ? - help, Q - select action, (/) - cycle Shift-Dir - straight line, f/p - polar bear simulacrum
Aim: a polar bear simulacrum (heavily damaged, 100% to hit)
The magic dart hits the polar bear simulacrum. 😕 HP[-1]
You take 1 damage, and now have 61/65 hp.
Aiming: Magic Dart (safe; 1% risk of failure)
Press: ? - help, Q - select action, (/) - cycle Shift-Dir - straight line, f/p - polar bear simulacrum
Aim: a polar bear simulacrum (severely damaged, 100% to hit)
The magic dart hits the polar bear simulacrum.
The polar bear simulacrum barely misses you.
The polar bear simulacrum claws you but does no damage. x2
Aiming: Magic Dart (safe; 1% risk of failure)
Press: ? - help, Q - select action, (/) - cycle Shift-Dir - straight line, f/p - polar bear simulacrum
Aim: a polar bear simulacrum (severely damaged, 100% to hit)
The magic dart hits the polar bear simulacrum.
The polar bear simulacrum bites you. The polar bear simulacrum freezes you!!
You feel a terrible chill!
* * * LOW HITPOINT WARNING * * *
The polar bear simulacrum claws you but does no damage. x2 😨 HP[-32]
You take 32 damage, and now have 29/65 hp.
MASSIVE DAMAGE!! (PAUSE)
Aiming: Magic Dart (safe; 1% risk of failure)
Press: ? - help, Q - select action, (/) - cycle Shift-Dir - straight line, f/p - polar bear simulacrum
Aim: a polar bear simulacrum (almost destroyed, 100% to hit)
The magic dart hits the polar bear simulacrum but does no damage.
* * * LOW HITPOINT WARNING * * *
The polar bear simulacrum bites you!
* * * LOW HITPOINT WARNING * * *
The polar bear simulacrum freezes you!!
You feel a terrible chill!
You die...

Skill      XL: |  1  2  3  4  5  6  7  8  9 10 11 |
---------------+----------------------------------+-----
Spellcasting   | 4 5 6 7 9 10 | 10.8
Shields        | 1 2 |  2.0
Invocations    | 1 2 3 5 7 8 9 |  9.1
Dodging        | |  2.1
Stealth        | |  1.5

Action                   |  1- 3 |  4- 6 |  7- 9 | 10-12 || total
-------------------------+-------+-------+-------+-------++-------
Melee: Unarmed           |       |       |    27 |     9 ||    36
       Whip              |       |       |       |    33 ||    33
 Cast: Magic Dart        |    66 |    52 |   189 |    40 ||   347
       Foxfire           |     5 |     4 |    12 |     8 ||    29
       Iskenderun's Myst |       |     2 |    11 |    12 ||    25
       Searing Ray       |       |    16 |     8 |       ||    24
       Fulminant Prism   |       |       |     6 |    31 ||    37
       Poisonous Vapours |       |       |    33 |    49 ||    82
       Ignite Poison     |       |       |    14 |    15 ||    29
Invok: Banish            |       |       |     2 |     5 ||     7
  Use: Scroll            |       |       |    11 |     1 ||    12
       Potion            |       |       |       |     3 ||     3
 Stab: Sleeping          |       |       |     1 |       ||     1
Armor: Robe              |     2 |     4 |    41 |    35 ||    82
Dodge: Dodged            |     3 |    18 |    66 |    40 ||   127
Block: Buckler           |       |     3 |    18 |    16 ||    37

Levels and vault maps discovered:
D:1:      ncdulo_smallfort, layout_basic, shapermc_ecumenical_altar_mp_vishouse
D:2:      layout_basic, serial_shops, nicolae_shop_advertising_works
          [nicolae_subvault_shop_adworks]
D:3:      layout_basic, supply_closet_lemuel
D:4:      layout_basic, okawaru_altar_gauntlet_db,
          gammafunk_temple_overflow_claw, minmay_temple_entry_wispy
D:5:      layout_loops_ring, portal_sewer_entry_d, kennysheep_generic_room_7
D:6:      dreamdust_elfheim, layout_loops_ring, fedhas_altar_3, xom_redecorated,
          uniq_edmund
D:7:      cheibrodos_wizards_tower, layout_basic
D:8:      layout_basic, nicolae_yredelemnul_ghost_church,
          mainiacjoe_overflow_cross_hatched, minmay_statues_item,
          minmay_microvault
D:9:      layout_gridville, gammafunk_ghost_smash, enter_bailey_3,
          eino_house_with_fridge, uniq_maurice

Notes
Turn   | Place    | Note
-------+----------+-------------------------------------------
     0 | D:1      | spaghetti the Djinni Conjurer began the quest for the Orb.
     0 | D:1      | Reached XP level 1. HP: 15/15 MP: 0/0
     0 | D:1      | magus.rc [v1.9.6]
    71 | D:1      | Reached XP level 2. HP: 14/21 MP: 0/0
   425 | D:1      | Reached XP level 3. HP: 23/25 MP: 0/0
   425 | D:1      | Learned a level 1 spell: Foxfire
   677 | D:1      | Found a faded altar of an unknown god.
   701 | D:1      | Reached skill level 4 in Spellcasting
  1806 | D:2      | Reached XP level 4. HP: 29/31 MP: 0/0
  1867 | D:2      | Reached skill level 1 in Shields
  2005 | D:1      | Prayed at the altar of an unknown god.
  2005 | D:1      | Became a worshipper of Lugonu the Unformed
  2005 | D:1      | Reached * piety under Lugonu
  2005 | D:1      | Reached ** piety under Lugonu
  2153 | D:2      | Found Puoto's Jewellery Boutique.
  2824 | D:3      | Reached skill level 1 in Invocations
  2824 | D:3      | Reached XP level 5. HP: 32/35 MP: 0/0
  2824 | D:3      | Learned a level 2 spell: Poisonous Vapours
  3049 | D:3      | Reached skill level 2 in Shields
  3049 | D:3      | Reached XP level 6. HP: 28/40 MP: 0/0
  3383 | D:3      | Reached skill level 5 in Spellcasting
  3383 | D:3      | Reached skill level 2 in Invocations
  3496 | D:4      | Noticed an ice beast
  3531 | D:4      | Noticed a water moccasin
  3751 | D:4      | Reached *** piety under Lugonu
  3815 | D:4      | Found a staircase to the Ecumenical Temple.
  3871 | D:4      | Killed an ice beast
  3872 | D:4      | Reached XP level 7. HP: 40/45 MP: 0/0
  3872 | D:4      | Learned a level 3 spell: Ignite Poison
  3914 | D:4      | Killed a water moccasin
  3915 | D:4      | Reached skill level 3 in Invocations
  4239 | D:4      | Found a glowing silver altar of Zin.
  4239 | D:4      | Found a bloodstained altar of Trog.
  4240 | D:4      | Found a shadowy altar of Dithmenos.
  4554 | D:4      | Found an iron altar of Okawaru.
  4709 | D:4      | Reached skill level 6 in Spellcasting
  4954 | D:4      | Reached XP level 8. HP: 30/50 MP: 0/0
  5272 | D:5      | Entered Level 5 of the Dungeon
  5344 | D:5      | Reached skill level 4 in Invocations
  5361 | D:5      | HP: 1/50 [orc priest/divine providence (8)]
  5785 | D:5      | Found a glowing drain.
  5796 | Sewer    | Entered a sewer
  6258 | Sewer    | Reached **** piety under Lugonu
  6562 | D:5      | Reached skill level 7 in Spellcasting
  6795 | D:5      | Reached skill level 5 in Invocations
  7312 | D:5      | Reached XP level 9. HP: 28/55 MP: 0/0
  7312 | D:5      | Learned a level 3 spell: Portal Projectile
  7904 | D:6      | Reached skill level 6 in Invocations
  7907 | D:6      | Reached skill level 8 in Spellcasting
  8264 | D:6      | Noticed Edmund
  8269 | D:6      | Killed Edmund
  8794 | D:6      | Found a shimmering altar of Xom.
  8795 | D:6      | Found a shimmering altar of Xom.
  8795 | D:6      | Found a shimmering altar of Xom.
  8799 | D:6      | Found a shimmering altar of Xom.
  8831 | D:6      | Reached ***** piety under Lugonu
  9107 | D:6      | Found a shimmering altar of Xom.
  9155 | D:6      | Found a blossoming altar of Fedhas.
  9198 | D:6      | Noticed a boulder beetle
  9275 | D:6      | Reached skill level 7 in Invocations
  9327 | D:6      | Killed a boulder beetle
  9328 | D:6      | Reached skill level 9 in Spellcasting
  9328 | D:6      | Reached XP level 10. HP: 46/60 MP: 0/0
  9637 | D:7      | HP: 11/60 [spore (14)]
  9645 | D:7      | HP: 11/60 [water moccasin (3)]
  9650 | D:7      | HP: 14/60 [wight/+0 scimitar (1)]
  9655 | D:7      | HP: 12/60 [water moccasin (2)]
 10730 | D:8      | Reached skill level 8 in Invocations
 11049 | D:8      | Found a glowing golden altar of the Shining One.
 11405 | D:8      | Found a runed translucent gate.
 11405 | D:8      | Found a runed translucent gate.
 11405 | D:8      | Found a runed translucent gate.
 11405 | D:8      | Noticed sokol815's ghost (novice OpFE)
 11407 | D:8      | Found a basalt altar of Yredelemnul.
 11517 | D:9      | Noticed Maurice
 11629 | D:9      | Killed Maurice
 11630 | D:9      | Reached skill level 10 in Spellcasting
 12405 | D:9      | Noticed a necromancer
 12412 | D:9      | Killed a necromancer
 12413 | D:9      | Reached XP level 11. HP: 18/65 MP: 0/0
 12413 | D:9      | Learned a level 5 spell: Silence
 12860 | D:9      | Noticed a two-headed ogre
 12860 | D:9      | Noticed a two-headed ogre
 12860 | D:9      | Noticed sammy202020's ghost (journeyman GrBe)
 12861 | D:9      | Identified the +3 giant club "Daocithro" {flame, rN+ Dex+3}
 12861 | D:9      | Noticed a two-headed ogre
 12862 | D:9      | Found a transporter.
 12862 | D:9      | Noticed a two-headed ogre
 12874 | D:9      | Reached skill level 9 in Invocations
 13477 | D:9      | HP: 16/65 [polar bear simulacrum (12)]
 13477 | D:9      | Mangled by a polar bear simulacrum

Vanquished Creatures
  A boulder beetle (D:6)
  A necromancer (D:9)
  Maurice (D:9)
  An unseen horror (D:9)
  A wraith (D:9)
  Edmund (D:6)
  2 orc warriors
  2 water moccasins
  A sky beast (D:5)
  3 black bears
  2 ice beasts
  3 ogres
  A centaur (D:7)
  2 phantoms
  3 kobold brigands
  A necrophage (D:5)
  2 bullfrogs (Sewer)
  A gnoll sergeant (D:9)
  4 scorpions
  15 wights
  3 killer bees (D:9)
  3 howler monkeys
  A centaur zombie (D:8)
  3 hounds
  3 orc priests
  3 jellies
  2 iguanas
  8 orc wizards
  2 yak simulacra (D:9)
  A wolf simulacrum (D:9)
  A howler monkey zombie (D:8)
  13 gnolls
  7 adders
  A worm (D:2)
  2 dart slugs
  34 orcs
  5 bats
  9 endoplasms
  15 giant cockroaches
  13 goblins
  8 hobgoblins
  2 jackals (D:4)
  9 quokkas
  14 ball pythons
  18 frilled lizards
  29 kobolds
  9 rats
  5 river rat simulacra (D:9)
  A fulminant prism (D:4)
272 creatures vanquished.

Vanquished Creatures (others)
  50 foxfires
  36 fulminant prisms
  A plant (D:9)
87 creatures vanquished.

Grand Total: 359 creatures vanquished

Table legend:
 A = Non-vault XP
 B = Vault XP
 C = Vault XP percentage of total XP
 D = Non-vault monster count
 E = Vault monster count
 F = Vault count percentage of total count
                 A         B        C        D         E       F
            +---------+---------+-------+---------+---------+-------
      Total |    7181 |    1826 |  20.3 |     210 |      66 |  23.9
            +---------+---------+-------+---------+---------+-------
        D:1 |      44 |       0 |   0.0 |      18 |       0 |   0.0
        D:2 |      68 |       0 |   0.0 |      26 |       0 |   0.0
        D:3 |     247 |       0 |   0.0 |      22 |       0 |   0.0
        D:4 |     674 |      25 |   3.6 |      25 |       6 |  19.4
        D:5 |     845 |     117 |  12.2 |      17 |       4 |  19.0
        D:6 |    2351 |     169 |   6.7 |      24 |       1 |   4.0
        D:7 |     327 |       0 |   0.0 |       4 |       0 |   0.0
        D:8 |     896 |     117 |  11.5 |      39 |       3 |   7.1
        D:9 |    1729 |    1164 |  40.2 |      35 |      14 |  28.6
      Sewer |       0 |     234 | 100.0 |       0 |      38 | 100.0
            +---------+---------+-------+---------+---------+-------

Illustrated notes

Table legend:
 A = Kills in this place as a percentage of kills in entire the game.
 B = Kills by you in this place as a percentage of kills by you in the entire game.
 C = Kills by friends in this place as a percentage of kills by friends in the entire game.
 D = Other kills in this place as a percentage of other kills in the entire game.
 E = Experience gained in this place as a percentage of experience gained in the entire game.
 F = Experience gained in this place divided by the number of levels of this place that you have seen.
                   A       B       C       D       E      F
               +-------+-------+-------+-------+-------+----------------------
         Total | 100.0 | 100.0 |   N/A | 100.0 | 100.0 | 900.7
       Dungeon |  86.2 |  86.0 |   N/A | 100.0 |  97.4 | 974.8
         Sewer |  13.8 |  14.0 |   N/A |   0.0 |   2.6 | 234.0
               +-------+-------+-------+-------+-------+----------------------

Table legend: (Time is in decaauts)
 A = Elapsed time spent in this place.
 B = Non-inter-level travel time spent in this place.
 C = Inter-level travel time spent in this place.
 D = Time resting spent in this place.
 E = Time spent auto-exploring this place.
 F = Levels seen in this place.
 G = Mean time per level.
                   A        B        C        D        E       F      G
               +--------+--------+--------+--------+--------+-----+--------+
         Total |  13496 |  13040 |    456 |   4178 |   7275 |  10 | 1349.6 |
       Dungeon |  12875 |  12419 |    456 |   4178 |   6767 |   9 | 1430.6 |
         Sewer |    621 |    621 |      0 |      0 |    508 |   1 |  621.0 |
               +--------+--------+--------+--------+--------+-----+--------+

Top non-repeatable levels by time:
     D:8: 2331 daAuts
     D:5: 1998 daAuts
     D:4: 1666 daAuts
     D:1: 1591 daAuts
     D:9: 1498 daAuts
     D:6: 1321 daAuts
     D:3: 1278 daAuts
     D:2: 1050 daAuts
   Sewer: 621 daAuts
     D:7: 138 daAuts
